 Dungeon Crawl Stone Soup version 0.30.1-9-gdf580d7c3d (webtiles) character file.

Game seed: 1519522482679274960

2832 ChiefBigBeans the Basher (level 9, 0/91 (92) HPs)
             Began as a Troll Berserker on Sept 27, 2023.
             Was an Elder of Trog.
             Slain by a wight
             ... wielding a +0 halberd
              (8 damage)
             ... on level 8 of the Dungeon.
             The game lasted 00:10:19 (5411 turns).

ChiefBigBeans the Basher (Troll Berserker)          Turns: 5411, Time: 00:10:20

HP:   0/91 (92)     AC: 10    Str: 32    XL:     9   Next: 45%
MP:   8/8           EV: 10    Int:  3    God:    Trog [****..]
Gold: 368           SH:  0    Dex: 11    Spells: 8/8 levels left

rFire   + . .        g - +8 flail of the Shining Light {elec, Fragile rF+ rC+}
rCold   + . .        (no shield)
rNeg    + . .        a - +2 animal skin
rPois   .            (helmet restricted)
rElec   .            (no cloak)
rCorr   +            (gloves unavailable)
SInv    .            (boots unavailable)
Will    .....        m - amulet of the acrobat
Stlth   +            d - ring "Qoz Doad" {rN+ rCorr Str+3}
HPRegen 1.15/turn    b - +4 ring of protection
MPRegen 0.11/turn

%: acrobat
@: lightly drained
A: large, unfitting armour, claws 3, regeneration 1, shaggy fur 1, tough skin 1
a: Renounce Religion, Berserk, Trog's Hand, Brothers in Arms


You were on level 8 of the Dungeon.
You worshipped Trog.
Trog was greatly pleased with you.
You visited 1 branch of the dungeon, and saw 8 of its levels.

You collected 368 gold pieces.

Inventory:

Hand Weapons
 g - the +8 flail of the Shining Light (weapon) {elec, Fragile rF+ rC+}
   (You found it on level 2 of the Dungeon)

   rF:        It protects you from fire.
   rC:        It protects you from cold.
   Fragile:   It will be destroyed if unequipped.
Armour
 a - a +2 animal skin (worn)
Jewellery
 b - a +4 ring of protection (right claw)
 d - the ring "Qoz Doad" (left claw) {rN+ rCorr Str+3}
   (You found it on level 6 of the Dungeon)

   [ring of positive energy]

   Str:       It affects your strength (+3).
   rN:        It protects you from negative energy.
   rCorr:     It protects you from acid and corrosion.
 m - an amulet of the acrobat (around neck)
 n - a ring of willpower
 q - a ring of willpower
Wands
 h - a wand of light (18)
Scrolls
 c - 2 scrolls of enchant weapon
 f - 2 scrolls of fog
 i - 4 scrolls of identify
 j - a scroll of blinking {unknown}
Potions
 e - 2 potions of mutation
 k - a potion of might
 l - a potion of flight {unknown}
 o - a potion of invisibility
 p - a potion of attraction
 t - a potion of haste


   Skills:
 + Level 6.9 Fighting
 * Level 9.3 Maces & Flails
 - Level 2.4 Dodging
 - Level 4.1 Unarmed Combat


You had 8 spell levels left.
You didn't know any spells.
Your spell library was empty.

Dungeon Overview and Level Annotations

Branches:
Dungeon (8/15)             Temple (0/1) D:4
   Lair: D:8-11

Altars:
Dithmenos
Gozag
Hepliaklqana
Qazlal

Shops:
D:1 ?


Innate Abilities, Weirdness & Mutations

You are too large for most types of armour.
You have claws for hands.
Your natural rate of healing is unusually fast.
You are covered in fur. (AC +1)
You have tough skin. (AC +1)


Message History

Beogh smites you!
You closely miss the orc priest. You hit the wight.
The wight is moderately damaged.
Something hits you. The wight hits you but does no damage.
The wight hits you with a +3 war axe. The wight barely misses you.
The orc priest hits you but does no damage.
You bludgeon the wight!!
You destroy the wight!
Trog accepts your kill.
The orc priest mumbles some strange prayers to Beogh against you.
Beogh smites you! Something hits you but does no damage.
The wight hits you from afar with a +0 halberd!
You partially resist.
You feel drained.
You hit the orc priest.
The orc priest is lightly wounded.
The orc priest hits you but does no damage.
You hear some strange, mumbled words.
A magic dart appears from out of thin air!
The magic dart hits you.
The wight hits you from afar with a +0 halberd.
The wight hits you but does no damage. x2
You barely miss the orc priest.
The orc priest is lightly wounded.
The orc priest closely misses you. The wight hits you with a +2 mace!
Something hits you but does no damage.
The wight hits you from afar with a +0 halberd!
The wight hits you with a +0 dire flail!
* * * LOW HITPOINT WARNING * * *
The wight hits you with a +0 great sword!
* * * LOW HITPOINT WARNING * * *
You hit the orc priest.
Lightning courses through the orc priest!
You kill the orc priest!
Trog accepts your kill. The wight hits you with a +2 mace.
* * * LOW HITPOINT WARNING * * *
Something hits you but does no damage.
The wight hits you from afar with a +0 halberd!
You die...

.......?.....###.......
......................?.
........................
#...#....#.###..##..#..
.........#.###..........
.................#..#...
.................z......
#.....#.#..##...zz......
.....##.#..##..)@#.....
...... ........{)z......
........................
#...............###.....
.#....... ...$.
......... .... .###..#..
... ....... ##.


You could see 4 wights.

Vanquished Creatures
  Sigmund (D:2)
  Menkaure (D:6)
  2 water moccasins (D:6)
  3 black bears
  2 ogres (D:4)
  A centaur (D:6)
  2 bullfrogs (D:6)
  2 scorpions
  7 wights
  5 killer bees (D:7)
  2 howler monkeys
  4 orc priests
  5 gnoll boudas
  2 hounds
  2 iguanas
  Jessica (D:3)
  6 orc wizards
  19 gnolls
  8 adders
  A shadow imp (D:7)
  A white imp (D:7)
  An ufetubus (D:5)
  2 worms
  4 dart slugs
  19 orcs
  6 ball pythons
  5 bats
  7 endoplasms
  7 giant cockroaches
  12 goblins
  9 hobgoblins
  7 quokkas
  5 frilled lizards
  8 kobolds
  5 rats
174 creatures vanquished.

Notes
Turn   | Place    | Note
-------+----------+-------------------------------------------
     0 | D:1      | ChiefBigBeans the Troll Berserker began the quest for the
                  | Orb.
     0 | D:1      | Reached XP level 1. HP: 22/22 MP: 0/0
   216 | D:1      | Reached XP level 2. HP: 29/29 MP: 1/1
   293 | D:1      | Found Hotod's Magic Scroll Emporium.
   470 | D:1      | Reached XP level 3. HP: 37/37 MP: 2/2
   681 | D:2      | Reached ** piety under Trog
   883 | D:2      | Reached XP level 4. HP: 41/45 MP: 3/3
   916 | D:2      | Identified the +8 flail of the Shining Light {elec, Fragile
                  | rF+ rC+}
  1030 | D:2      | Found a faded altar of an unknown god.
  1189 | D:2      | Identified the +1 leather armour of the Dwarven Hall
                  | {Will++}
  1195 | D:2      | Noticed Sigmund
  1200 | D:2      | Killed Sigmund
  1201 | D:2      | Reached skill level 2 in Maces & Flails
  1201 | D:2      | Reached XP level 5. HP: 54/54 MP: 4/4
  1258 | D:2      | Reached skill level 3 in Maces & Flails
  1798 | D:3      | Reached XP level 6. HP: 62/62 MP: 5/5
  1841 | D:3      | Reached *** piety under Trog
  2022 | D:3      | Noticed Jessica
  2024 | D:3      | Killed Jessica
  2412 | D:4      | Reached skill level 4 in Maces & Flails
  2464 | D:4      | Reached XP level 7. HP: 33/71 MP: 6/6
  2929 | D:4      | Found a staircase to the Ecumenical Temple.
  3014 | D:5      | Entered Level 5 of the Dungeon
  3105 | D:5      | Reached skill level 5 in Maces & Flails
  3148 | D:5      | Found a stormy altar of Qazlal.
  3309 | D:5      | Reached **** piety under Trog
  3497 | D:5      | Reached skill level 5 in Fighting
  3636 | D:5      | Reached skill level 6 in Maces & Flails
  3718 | D:5      | Reached XP level 8. HP: 52/80 MP: 7/7
  4280 | D:6      | Reached skill level 7 in Maces & Flails
  4292 | D:6      | Noticed Menkaure
  4297 | D:6      | Killed Menkaure
  4505 | D:6      | Reached skill level 8 in Maces & Flails
  4573 | D:6      | Identified the ring "Qoz Doad" {rN+ rCorr Str+3}
  4749 | D:7      | Reached XP level 9. HP: 91/91 MP: 8/8
  4916 | D:7      | Reached skill level 9 in Maces & Flails
  4995 | D:7      | Identified the +5 dagger "Ruilo" {flame, rPois rC+}
  5059 | D:7      | Found a hazy altar of Hepliaklqana.
  5107 | D:7      | Found a shadowy altar of Dithmenos.
  5123 | D:7      | Found an opulent altar of Gozag.
  5411 | D:8      | Slain by a wight

Illustrated notes

Levels and vault maps discovered:
D:1:      shiori_arrival_oz, layout_basic, serial_shops, shop
D:2:      minmay_chambers_of_ones, layout_basic,
          shapermc_ecumenical_altar_pompeii, uniq_sigmund
D:3:      layout_basic, fountainhead, small_statue_intersection, uniq_jessica
D:4:      layout_loops_cross, minmay_temple_entry_enclosed_plants
D:5:      layout_basic, grunt_qazlal_clouds
D:6:      layout_rooms, uniq_menkaure
D:7:      layout_cave_pools, grunt_dithmenos_shadows,
          nzn_hepliaklqana_mist_gate, mainiacjoe_overflow_chevrons
D:8:      layout_basic, lemuel_crystal_altar, hangedman_ru_absence, uniq_maurice

Skill      XL: |  1  2  3  4  5  6  7  8  9 |
---------------+----------------------------+-----
Fighting       | 3 4 5 6 |  6.9
Unarmed Combat | 4 |  4.1
Maces & Flails | 2 3 4 6 8 9 |  9.3
Dodging        | |  2.4

Action                     |  1- 3 |  4- 6 |  7- 9 || total
---------------------------+-------+-------+-------++-------
  Melee: Unarmed           |    77 |     8 |       ||    85
         Punch             |     1 |     2 |     5 ||     8
         Flail             |       |    68 |   224 ||   292
    Use: Scroll            |       |       |    15 ||    15
         Potion            |       |       |     3 ||     3
   Stab: Sleeping          |     2 |       |       ||     2
 Armour: Animal skin       |    18 |    26 |   117 ||   161
  Dodge: Dodged            |    23 |    32 |   173 ||   228
